 Dungeon Crawl Stone Soup version 0.28.0-43-g3370ac3207 (webtiles) character file.

Game seed: 10864390075943742136

3 Dirian the Ruffian (level 1, -2/21 HPs)
             Began as a Minotaur Wanderer on Mar 9, 2022.
             Succumbed to a kobold's poison
             ... on level 1 of the Dungeon.
             The game lasted 00:00:59 (57 turns).

Dirian the Ruffian (Minotaur Wanderer)                Turns: 57, Time: 00:00:59

Health: -2/21      AC:  4    Str: 16    XL:     1   Next: 41%
Magic:  0/0        EV: 11    Int:  7    God:
Gold:   7          SH:  0    Dex: 11    Spells: 0/0 levels left

rFire   . . .      SeeInvis .     - Unarmed
rCold   . . .      Faith    .   (no shield)
rNeg    . . .      Spirit   .   f - +0 leather armour
rPois   .          Reflect  .   (helmet restricted)
rElec   .          Harm     .   e - +0 cloak
rCorr   .          Rampage  .   (no gloves)
Will    .....                   (no boots)
Stlth   ..........              (no amulet)
HPRegen 0.07/turn               (no ring)
MPRegen 0.07/turn               (no ring)

@: berserking, lethally poisoned (-2 -> -26), very quick
A: horns 2, retaliatory headbutt
a: no special abilities


You were on level 1 of the Dungeon.
You visited 1 branch of the dungeon, and saw 1 of its levels.

You collected 7 gold pieces.

Inventory:

Hand Weapons
 a - a +0 hand crossbow
Missiles
 d - 23 bolts
Armour
 e - a +0 cloak (worn)
 f - a +0 leather armour (worn)
Scrolls
 z - a scroll of blinking


   Skills:
 + Level 0.2 Fighting
 * Level 0.5 Long Blades
 - Level 2.1 Crossbows
 + Level 1.3 Armour
 + Level 0.2 Dodging
 - Level 1.5 Stealth
 - Level 4.3 Unarmed Combat
 - Level 1.0 Evocations


You couldn't memorise any spells.
You didn't know any spells.
Your spell library was empty.

Dungeon Overview and Level Annotations

Branches:
Dungeon (1/15)

Altars:

Shops:
D:1 [


Innate Abilities, Weirdness & Mutations

You have a pair of horns on your head.
You reflexively headbutt those who attack you in melee.


Message History

You barely miss the kobold. You headbutt the kobold.
You kill the kobold!
The rat bites you but does no damage.
A dart slug comes into view.
You barely miss the hobgoblin. You headbutt the hobgoblin.
You kill the hobgoblin!
The rat bites you but does no damage.
You barely miss the rat. The rat bites you but does no damage.
You hit the rat.
You kill the rat!
The kobold throws a stone.
The stone misses you. The dart slug launches a dart at you.
The slug dart hits you. The kobold hits you but does no damage.
You hit the kobold.
The kobold is heavily wounded.
The kobold completely misses you.
You barely miss the kobold. Your headbutt misses the kobold.
The kobold is heavily wounded.
The kobold hits you but does no damage.
You hit the kobold but do no damage. Your headbutt misses the kobold.
The kobold is heavily wounded.
The kobold closely misses you.
You closely miss the kobold.
The kobold is heavily wounded.
The kobold hits you but does no damage.
You are poisoned.
You hit the kobold but do no damage.
The kobold is heavily wounded.
You feel very sick. The dart slug launches a dart at you.
The slug dart hits you.
The kobold hits you with a +2 dagger of venom.
* * * LOW HITPOINT WARNING * * *
You are more poisoned.
You are too injured to fight recklessly!
You are too injured to fight recklessly!
A red film seems to cover your vision as you go berserk!
You feel yourself moving faster!
You feel mighty!
You die...

... .... ...
... ...##..#
#..#...
.###.....#
......#..#
......K.>#
#(###.)@.#
....w....#
..##.....####
#........#
#..#..##.#
###
.....#.....#
#.#
#....###.#..#
#.# #####
#.#..# ##.###
#....###....#


You could see a dart slug and a kobold.

Vanquished Creatures
  A hobgoblin (D:1)
  A frilled lizard (D:1)
  A kobold (D:1)
  A rat (D:1)
4 creatures vanquished.

Notes
Turn   | Place    | Note
-------+----------+-------------------------------------------
     0 | D:1      | Dirian the Minotaur Wanderer began the quest for the Orb.
     0 | D:1      | Dirian set off with the following items: a +0 hand
                  | crossbow, a potion of berserk rage, 23 bolts, a +0 cloak, a
                  | +0 leather armour, a scroll of blinking
     0 | D:1      | Reached XP level 1. HP: 14/14 MP: 0/0
    39 | D:1      | Found Couloi's Armour Boutique.
    57 | D:1      | Succumbed to a kobold's poison

Illustrated notes

Levels and vault maps discovered:
D:1:      scummos_arrival_forest, layout_basic, serial_shops, shop,
          shapermc_ecumenical_altar_acropolis,
          nicolae_concentric_dashed_squares_mild, minmay_pentomino_v4

Action                   || total
-------------------------++-------
Melee: Unarmed           ||    10
       Headbutt          ||     2
  Use: Potion            ||     1
Armor: Leather armour    ||     7
Dodge: Dodged            ||     3
